 Dungeon Crawl Stone Soup version 0.27-a0-594-g2aaa8dbbc2 (webtiles) character file.

Game seed: 14862971145283993501

6887 ICC the Slicer (level 11, -5/52 HPs)
             Began as a Vine Stalker Fighter on Mar 11, 2021.
             Was a Believer of Cheibriados.
             Slain by a sun demon (7 damage)
             ... summoned by an orc sorcerer
             ... on level 10 of the Dungeon.
             The game lasted 00:30:08 (9247 turns).

ICC the Slicer (Vine Stalker Fighter)               Turns: 9247, Time: 00:30:09

Health: -5/52      AC: 12    Str: 24    XL:     11   Next: 6%
Magic:  0/25       EV: 13    Int: 16    God:    Cheibriados [**....]
Gold:   495        SH:  6    Dex: 25    Spells: 29/29 levels left

rFire    + . .     SeeInvis .   w - +0 rapier
rCold    + . .     Faith    +   k - +0 buckler
rNeg     . . .     Spirit   +   N - +4 ring mail
rPois    +         Reflect  .   e - +0 helmet
rElec    +         Harm     .   o - scarf {shadows}
rCorr    +         Rampage  .   (no gloves)
Will     +....                  t - +0 pair of boots
Stlth    +++.......             s - amulet of faith
HPRegen  1.17/turn              J - ring of flight
MPRegen  0.19/turn              L - +6 ring of dexterity

@: resistant, very slow
A: fangs 3, regeneration 1, magic shield, antimagic bite, no potion heal 3
a: Renounce Religion, Evoke Flight, Bend Time


You were on level 10 of the Dungeon.
You worshipped Cheibriados.
Cheibriados was pleased with you.
You visited 2 branches of the dungeon, and saw 11 of its levels.
You also visited: Sewer and Ossuary.

You collected 495 gold pieces.

Inventory:

Hand Weapons
 a - a +2 vampiric dagger
 d - a +3 hunting sling of freezing
 w - a +0 rapier (weapon)
 R - the +5 quarterstaff of Bamocut {pain, +Fly rN+++ Str-3 Dex+6}
   (You found it on level 9 of the Dungeon)

   In the hands of one skilled in necromantic magic, it inflicts extra damage on
   living creatures.
   It affects your strength (-3).
   It affects your dexterity (+6).
   It renders you almost immune to negative energy.
   It lets you fly.
Missiles
 f - 43 sling bullets
 q - 16 boomerangs (quivered)
 M - 3 throwing nets
Armour
 e - a +0 helmet (worn)
 k - a +0 buckler (worn)
 o - a scarf of shadows (worn)
 t - a +0 pair of boots (worn)
 N - a +4 ring mail (worn)
Jewellery
 s - an amulet of faith (around neck)
 J - a ring of flight (right hand)
 L - a +6 ring of dexterity (left hand)
 S - an amulet of the acrobat
Wands
 H - a wand of flame (6)
 P - a wand of polymorph (5)
 Q - a wand of paralysis (8)
Scrolls
 g - 3 scrolls of blinking {unknown}
 h - 3 scrolls of enchant armour {unknown}
 i - 3 scrolls of teleportation {unknown}
 j - 3 scrolls of immolation {unknown}
 l - 2 scrolls of random uselessness {unknown}
 n - 4 scrolls of fog {unknown}
 r - 3 scrolls of amnesia {unknown}
 v - 11 scrolls of identify {unknown}
 y - a scroll of enchant weapon {unknown}
 I - 5 scrolls of noise {unknown}
 O - a scroll of magic mapping {unknown}
Potions
 b - a potion of ambrosia {unknown}
 c - a potion of cancellation {unknown}
 m - 2 potions of invisibility {unknown}
 p - a potion of berserk rage {unknown}
 u - 4 potions of attraction {unknown}
 x - 6 potions of haste
 z - 2 potions of mutation {unknown}
 A - 4 potions of flight {unknown}
 B - a potion of brilliance {unknown}
 D - a potion of magic {unknown}
 E - 3 potions of heal wounds {unknown}
 F - 5 potions of curing {unknown}
 G - 3 potions of might
 K - 3 potions of degeneration {unknown}


   Skills:
 + Level 3.4 Fighting
 - Level 10.0 Short Blades
 + Level 4.3 Armour
 + Level 2.8 Dodging
 + Level 5.1 Stealth
 - Level 4.0 Shields
 + Level 9.8 Spellcasting


You had 29 spell levels left.
You didn't know any spells.
Your spell library contained the following spells:

 Spells                   Type           Power      Damage    Failure   Level
 Sting                    Tmut/Pois      28%        1d4       14%         1
 Poisonous Vapours        Pois/Air       14%        N/A       22%         2
 Ignite Poison            Fire/Tmut/Pois 7%         N/A       38%         3
 Mephitic Cloud           Conj/Pois/Air  7%         N/A       38%         3
 Olgreb's Toxic Radiance  Pois           7%         N/A       80%         4


Dungeon Overview and Level Annotations

Branches:
Dungeon (10/15)            Temple (1/1) D:6            Lair (0/6) D:9
  Sewer (visited)         Ossuary (visited)
    Orc: D:9-12

Altars:
Ashenzari
Cheibriados
Dithmenos
Elyvilon
Fedhas
Gozag
Hepliaklqana
Kikubaaqudgha
Makhleb
Nemelex Xobeh
Okawaru
Qazlal
Ru
Sif Muna
Trog
Uskayaw
Vehumet
Wu Jian
Xom
Yredelemnul
Zin
The Shining One

Annotations:
D:7 3 runed translucent doors, Thargor's ghost, novice TrBe


Innate Abilities, Weirdness & Mutations

You have razor-sharp teeth.
Your natural rate of healing is unusually fast.
When hurt, damage is shared between your health and your magic reserves.
Your bite disrupts and absorbs the magic of your enemies.
Potions cannot restore your health.


Message History

You destroy the orc zombie!
Cheibriados appreciates the change of pace.
An orc zombie comes into view.
You hit the phantom. You bite the phantom. You drain its power.
You feel invigorated.
The phantom is moderately damaged.
You block the phantom's attack.
The orc sorcerer casts a spell.
You hit the phantom. You bite the phantom. You drain its power.
The phantom is heavily damaged.
The phantom barely misses you.
You hit the phantom. Your bite misses the phantom.
The phantom is severely damaged.
The orc sorcerer gestures wildly while chanting.
You puncture the phantom! You bite the phantom.
You destroy the phantom!
Cheibriados appreciates the change of pace.
The ynoxinul gestures.
The hobgoblin zombie hits you but does no damage.
The orc zombie misses you. The troll zombie bites you!
The troll zombie claws you! You block the troll zombie's attack.
The ynoxinul gestures.
There is an open door, spattered with blood here.
You see here a scorpion corpse.
The sixfirhy hits you. The sixfirhy shocks you!
The sixfirhy hits you but does no damage.
The sixfirhy hits you. The sixfirhy shocks you!
* * * LOW HITPOINT WARNING * * *
You puncture the sixfirhy! Your bite misses the sixfirhy.
The sixfirhy is moderately wounded.
You hit the sixfirhy.
You bite the sixfirhy, but do no damage.
The sixfirhy is moderately wounded.
The ynoxinul gestures.
You feel protected.
The ynoxinul gestures.
The sun demon hits you!!
* * * LOW HITPOINT WARNING * * *
You are engulfed in flames!
You resist.
You die...

#.^.......# #.........#
#.........# #......'
#.........# #......#
#....†<...# #5Z....#
#.........####Z55...#####..
#.........'.##ZoZZ..#......
#.........#.##3ZZZ..#.Z....
#.........#.@335ZZ..#......
#.........####oZZZ..Z.oZ...
##....##### ##+###.Z8...oZ
####...#### ##.......
#........# ##.Z?...
#........# #.....#.o....
#........# +.....#......
#.>......+ #.....#####.(
#........# #.....+ .


You could see a sun demon (summoned), a sixfirhy (summoned), a ynoxinul
(summoned), an orc sorcerer, an orc priest, 2 ufetubi, a goblin zombie, 2
hobgoblin zombies, 4 orc zombies, an ogre zombie, a troll zombie and a hobgoblin
skeleton.

Vanquished Creatures
  Harold (D:7)
  A two-headed ogre (D:8)
  Psyche (D:8)
  A hornet (D:10)
  A shadow (D:10)
  A spriggan (D:8)
  A yak (D:9)
  Menkaure (D:6)
  Edmund (D:6)
  3 water moccasins (D:9)
  3 orc warriors
  A hornet zombie (D:7)
  An ice beast (D:5)
  A sky beast (D:7)
  A necrophage (D:9)
  5 ogres
  A centaur (D:8)
  2 phantoms
  2 kobold brigands
  An elf zombie (Ossuary)
  10 bullfrogs
  2 wyvern skeletons
  4 scorpions
  A killer bee (D:9)
  5 wights (D:9)
  2 howler monkeys (D:7)
  A quasit (D:9)
  2 jellies
  A bullfrog zombie (D:9)
  7 hounds
  4 orc priests
  A bullfrog skeleton (D:9)
  7 orc wizards
  Ijyb (D:4)
  6 worker ants
  A killer bee zombie (D:5)
  3 mummies (Ossuary)
  Robin (D:4)
  20 adders
  4 gnolls (D:4)
  A white imp (D:7)
  An ufetubus (D:5)
  3 adder zombies
  3 worms
  3 dart slugs
  7 leopard geckos
  39 orcs
  3 bat zombies (D:9)
  6 giant cockroaches
  21 goblins
  14 hobgoblins
  12 jackals
  4 quokkas
  7 ball pythons
  10 bats
  10 frilled lizards
  A goblin zombie (Ossuary)
  5 hobgoblin zombies (Ossuary)
  17 kobolds
  2 kobold zombies (Ossuary)
  2 orc skeletons (D:10)
  2 orc zombies (D:10)
  6 quokka zombies
  7 rats
  5 rat zombies
304 creatures vanquished.

Vanquished Creatures (others)
  24 fungi (D:9)
  42 plants
66 creatures vanquished.

Grand Total: 370 creatures vanquished

Notes
Turn   | Place    | Note
-------+----------+-------------------------------------------
     0 | D:1      | ICC the Vine Stalker Fighter began the quest for the Orb.
     0 | D:1      | Reached XP level 1. HP: 11/11 MP: 2/2
    63 | D:1      | Reached skill level 2 in Short Blades
    63 | D:1      | Reached XP level 2. HP: 10/16 MP: 3/3
   228 | D:1      | Reached skill level 1 in Spellcasting
   292 | D:1      | Reached XP level 3. HP: 19/20 MP: 5/5
   989 | D:2      | Gained mutation: Your natural rate of healing is unusually
                  | fast. [Vine Stalker growth]
   989 | D:2      | Reached XP level 4. HP: 13/24 MP: 7/7
  1561 | D:2      | Reached XP level 5. HP: 28/28 MP: 9/9
  2585 | D:4      | Found a sand-covered staircase.
  2590 | Ossuary  | Entered an ossuary
  2675 | Ossuary  | Reached XP level 6. HP: 32/32 MP: 11/13
  2871 | D:4      | Found a glowing drain.
  2907 | Sewer    | Entered a sewer
  3689 | D:4      | Reached skill level 5 in Spellcasting
  3783 | D:4      | Noticed Robin
  3803 | D:4      | Killed Robin
  3812 | D:4      | Noticed Ijyb
  3827 | D:4      | Killed Ijyb
  3828 | D:4      | Reached XP level 7. HP: 36/36 MP: 14/16
  3851 | D:4      | Found a sparkling altar of Nemelex Xobeh.
  3883 | D:4      | Found a broken altar of Ashenzari.
  4296 | D:5      | Entered Level 5 of the Dungeon
  4441 | D:5      | Reached skill level 3 in Short Blades
  4589 | D:5      | Reached skill level 4 in Short Blades
  4589 | D:5      | Gained mutation: You have razor-sharp teeth. [Vine Stalker
                  | growth]
  4589 | D:5      | Reached XP level 8. HP: 34/40 MP: 12/18
  4933 | D:6      | Reached skill level 5 in Short Blades
  4943 | D:6      | Found a hide-covered altar of Uskayaw.
  4986 | D:6      | Noticed Menkaure
  4991 | D:6      | Killed Menkaure
  5226 | D:6      | Noticed Edmund
  5255 | D:6      | Killed Edmund
  5256 | D:6      | Reached skill level 6 in Short Blades
  5263 | D:6      | Found a staircase to the Ecumenical Temple.
  5277 | Temple   | Entered the Ecumenical Temple
  5587 | D:6      | Reached XP level 9. HP: 33/44 MP: 14/21
  6055 | D:6      | Found a hazy altar of Hepliaklqana.
  6407 | D:7      | Reached skill level 7 in Short Blades
  6678 | D:7      | Noticed Harold
  6712 | D:7      | Killed Harold
  6713 | D:7      | Reached skill level 8 in Short Blades
  6817 | D:7      | Reached skill level 1 in Stealth
  7145 | D:7      | Found a runed translucent gate.
  7146 | D:7      | Found a runed translucent gate.
  7147 | D:7      | Found a runed translucent gate.
  7148 | D:7      | Noticed Thargor's ghost (novice TrBe)
  7400 | D:8      | Reached XP level 10. HP: 49/49 MP: 23/23
  7515 | D:8      | Reached skill level 9 in Short Blades
  7939 | D:8      | Noticed a two-headed ogre
  7975 | D:8      | Killed a two-headed ogre
  7976 | D:8      | Reached skill level 10 in Short Blades
  8072 | D:8      | Noticed Psyche
  8101 | D:8      | Killed Psyche
  8102 | D:8      | Reached skill level 1 in Dodging
  8163 | D:8      | Found a stormy altar of Qazlal.
  8166 | D:8      | Found a snail-covered altar of Cheibriados.
  8170 | D:8      | Found an opulent altar of Gozag.
  8172 | D:8      | Became a worshipper of Cheibriados the Contemplative
  8190 | D:8      | Found a shimmering blue altar of Sif Muna.
  8426 | D:9      | Found a staircase to the Lair.
  8434 | D:9      | Reached * piety under Cheibriados
  8682 | D:9      | Found an ancient bone altar of Kikubaaqudgha.
  8769 | D:9      | Reached ** piety under Cheibriados
  8771 | D:9      | Found a blossoming altar of Fedhas.
  8784 | D:9      | Identified the +5 quarterstaff of Bamocut {pain, +Fly rN+++
                  | Str-3 Dex+6}
  9110 | D:10     | Entered Level 10 of the Dungeon
  9190 | D:10     | Reached XP level 11. HP: 52/52 MP: 25/25
  9216 | D:10     | Noticed an orc sorcerer
  9238 | D:10     | Reached skill level 5 in Stealth
  9240 | D:10     | Noticed a sun demon
  9242 | D:10     | Noticed a sixfirhy
  9247 | D:10     | HP: 2/52 [sun demon[an orc sorcerer] (14)]
  9247 | D:10     | Slain by a sun demon

Illustrated notes

Levels and vault maps discovered:
D:1:      minmay_arrival_doors, layout_basic, serial_forest,
          infiniplex_forest_clump_diagonal, infiniplex_forest_end_2,
          infiniplex_forest_corner_1, infiniplex_forest_lined_room_2,
          infiniplex_forest_lined_4_way, infiniplex_forest_end_2,
          infiniplex_forest_lined_3, infiniplex_forest_lined_4_way, st_stairs_12
D:2:      layout_loops_ring, minmay_nonomino_d4
D:3:      layout_basic, hex_medium
D:4:      cheibrodos_old_hovel, layout_loops_ring, ashenzari_altar_1,
          overflow_temple_1_default, gup_sewer_entry_glass, enter_ossuary_2,
          uniq_robin, uniq_ijyb
D:5:      layout_rooms
D:6:      layout_layer_cave, nzn_hepliaklqana_mist_gate,
          minmay_temple_entry_large_hall, basic_altar, uniq_edmund,
          uniq_menkaure
D:7:      layout_gridville, gammafunk_ghost_necromancy, uniq_harold
D:8:      layout_loops_ring, minitemple, hangedman_abyss_or_decor_passed,
          the_bakery, uniq_psyche
D:9:      layout_loops_ring, lemuel_zombie_altar_kikubaaqudgha,
          due_lair_maze_entry_diamond, fedhas_altar_2
D:10:     layout_roguey, zombieorc2_lemuel,
          minmay_guarded_unrand_staff_of_olgreb
Temple:   minmay_temple_curvy_branch

Skill      XL: |  1  2  3  4  5  6  7  8  9 10 11 |
---------------+----------------------------------+-----
Short Blades   | 2 4 6 8 10 | 10.0
Spellcasting   | 1 2 4 5 6 7 8 9 |  9.8
Fighting       | 3 |  3.4
Armour         | 3 4 |  4.3
Shields        | 3 4 |  4.0
Stealth        | 2 4 5 |  5.1
Dodging        | 2 |  2.8

Action                   |  1- 3 |  4- 6 |  7- 9 | 10-12 || total
-------------------------+-------+-------+-------+-------++-------
Melee: Rapier            |    74 |   344 |    39 |    22 ||   479
       Bite              |    16 |    81 |   245 |   157 ||   499
       Dagger            |       |       |   506 |   286 ||   792
       Unarmed           |       |       |       |    19 ||    19
 Fire: Hunting sling     |     3 |     6 |     2 |       ||    11
Throw: Throwing net      |       |       |     2 |     1 ||     3
Evoke: Wand              |       |       |     2 |     2 ||     4
  Use: Potion            |       |     1 |       |     1 ||     2
 Stab: Held in net/web   |       |       |     2 |       ||     2
       Sleeping          |       |       |       |     7 ||     7
Armor: Scale mail        |    31 |   140 |    49 |       ||   220
       Ring mail         |       |       |    69 |    71 ||   140
       Skin              |       |       |       |     8 ||     8
Dodge: Dodged            |    38 |   131 |   150 |    75 ||   394
Block: Buckler           |     8 |    78 |    84 |    49 ||   219

Table legend: (Time is in decaauts)
 A = Elapsed time spent in this place.
 B = Non-inter-level travel time spent in this place.
 C = Inter-level travel time spent in this place.
 D = Time resting spent in this place.
 E = Time spent auto-exploring this place.
 F = Levels seen in this place.
 G = Mean time per level.
                   A        B        C        D        E       F      G
               +--------+--------+--------+--------+--------+-----+--------+
         Total |   9469 |   9137 |    332 |      0 |   7054 |  13 |  728.4 |
       Dungeon |   8112 |   7786 |    326 |      0 |   6062 |  10 |  811.2 |
        Temple |    255 |    250 |      5 |      0 |    250 |   1 |  255.0 |
         Sewer |    855 |    855 |      0 |      0 |    588 |   1 |  855.0 |
       Ossuary |    245 |    245 |      0 |      0 |    154 |   1 |  245.0 |
               +--------+--------+--------+--------+--------+-----+--------+

Top non-repeatable levels by time:
     D:9: 1053 daAuts
     D:6: 1046 daAuts
     D:7: 950 daAuts
     D:1: 946 daAuts
     D:3: 929 daAuts
     D:8: 914 daAuts
   Sewer: 855 daAuts
     D:4: 816 daAuts
     D:2: 687 daAuts
     D:5: 608 daAuts
  Temple: 255 daAuts
 Ossuary: 245 daAuts
    D:10: 158 daAuts
